 Dungeon Crawl Stone Soup version 0.30-a0-269-gf0224bf7b6 (webtiles) character file.

Game seed: 4708404421964768029

13406 chippings the Carver (level 12, -4/92 HPs)
             Began as a Merfolk Transmuter on Oct 14, 2022.
             Was an Elder of Sif Muna.
             Slain by a skeletal warrior
             ... wielding a +0 hand axe
              (16 damage)
             ... on level 10 of the Dungeon.
             The game lasted 00:28:36 (8572 turns).

chippings the Carver (Merfolk Transmuter)           Turns: 8572, Time: 00:28:36

Health: -4/92      AC: 15    Str: 17    XL:     12   Next: 5%
Magic:  18/18      EV: 12    Int: 16    God:    Sif Muna [****..]
Gold:   1949       SH: 12    Dex: 16    Spells: 5/15 levels left

rFire   . . .      SeeInvis .    t - +6 demon blade "Beetleslayer" {freeze, Str+4}
rCold   . . .      Faith    .    o - +2 buckler
rNeg    . . .      Spirit   .    x - +2 scale mail {Will+}
rPois   .          Reflect  +    G - +1 hat {Stlth+}
rElec   .          Harm     .    p - +2 cloak
rCorr   .          Rampage  .    i - +1 pair of gloves of Shadows and Fog {rC- Regen+ Str+3}
Will    ++...                    m - +0 pair of boots
Stlth   ++........               g - amulet of reflection
HPRegen 1.15/turn                F - ring of willpower
MPRegen 0.16/turn                E - ring of protection from cold

@: no status effects
A: (nimble swimmer 2), mertail
a: Renounce Religion, Channel Magic, Forget Spell, Divine Exegesis


You were on level 10 of the Dungeon.
You worshipped Sif Muna.
Sif Muna was greatly pleased with you.
You visited 2 branches of the dungeon, and saw 12 of its levels.
You also visited: Bailey.

You collected 2727 gold pieces.
You spent 778 gold pieces at shops.

Inventory:

Hand Weapons
 k - a +1 scimitar of flaming
 t - the +6 demon blade "Beetleslayer" (weapon) {freeze, Str+4}
   (You acquired it on level 3 of the Dungeon)

   It freezes those it strikes, dealing additional cold damage.
   It can also slow down cold-blooded creatures.
   Str:       It affects your strength (+4).
 J - the +10 short sword of Gel Wal {venom, rElec}
   (You found it on level 11 of the Dungeon)

   It poisons the flesh of those it strikes.
   rElec:     It insulates you from electricity.
Missiles
 r - 4 throwing nets
Armour
 i - the +1 pair of gloves of Shadows and Fog (worn) {rC- Regen+ Str+3}
   (You acquired it on level 3 of the Dungeon)

   Str:       It affects your strength (+3).
   rC:        It makes you vulnerable to cold.
   Regen:     It increases your rate of health regeneration.
 m - a +0 pair of boots (worn)
 o - a +2 buckler (worn)
 p - a +2 cloak (worn)
 x - a +2 scale mail of willpower (worn)
 G - a +1 hat of stealth (worn)
 K - a +0 troll leather armour
Jewellery
 e - a ring of resist corrosion
 g - an amulet of reflection (around neck)
 j - an amulet of magic regeneration
 E - a ring of protection from cold (right hand)
 F - a ring of willpower (left hand)
 H - a ring of protection from cold
 M - an amulet of faith
Wands
 l - a wand of flame (46)
 v - a wand of acid (11)
 z - a wand of polymorph (5)
 I - a wand of roots (19)
Scrolls
 a - 2 scrolls of vulnerability
 d - a scroll of brand weapon
 f - 3 scrolls of blinking
 s - 2 scrolls of torment
 u - 2 scrolls of summoning
 w - 2 scrolls of poison
 y - 5 scrolls of identify
 A - a scroll of enchant weapon
 B - 8 scrolls of teleportation
 C - 2 scrolls of amnesia
 D - 4 scrolls of magic mapping
 L - a scroll of noise {unknown}
Potions
 b - 3 potions of lignification
 c - 4 potions of heal wounds
 h - 2 potions of degeneration
 n - 2 potions of haste
 q - 6 potions of curing


   Skills:
 - Level 8.0 Fighting
 - Level 14.0 Long Blades
 + Level 7.1 Dodging
 + Level 4.5 Stealth
 + Level 4.8 Shields
 - Level 4.9 Unarmed Combat
 - Level 2.0 Spellcasting
 - Level 4.0 Translocations
 - Level 5.2 Transmutations
 - Level 2.0 Poison Magic
 - Level 8.0 Invocations


You had 5 spell levels left.
You knew the following spells:

 Your Spells              Type           Power      Damage    Failure   Level
a - Blink                 Tloc           28%        N/A       28%         2
b - Leda's Liquefaction   Hex/Erth       0%         N/A       100%        4
c - Cause Fear            Hex            0%         N/A       100%        4

Your spell library contained the following spells:

 Spells                   Type           Power      Damage    Failure   Level
 Beastly Appendage        Tmut           36%        N/A       12%         1
 Wereblood                Tmut           18%        N/A       17%         2
 Lesser Beckoning         Tloc           28%        N/A       50%         3
 Momentum Strike          Conj/Tloc      16%        3d8       54%         2
 Spider Form              Tmut/Pois      13%        N/A       54%         3
 Magic Dart               Conj           4%         1d3       67%         1
 Poisonous Vapours        Pois/Air       8%         N/A       67%         2
 Portal Projectile        Hex/Tloc       16%        N/A       77%         3
 Searing Ray              Conj           2%         2d4       82%         2
 Call Canine Familiar     Summ           1%         N/A       96%         3
 Inner Flame              Hex/Fire       1%         N/A       96%         3
 Ozocubu's Armour         Ice            1%         N/A       96%         3
 Ice Form                 Ice/Tmut       9%         N/A       97%         4
 Airstrike                Air            0%         2d(1-17)  100%        4
 Fulminant Prism          Conj/Hex       0%         3d6       100%        4
 Arcjolt                  Conj/Air       0%         1d10      100%        5
 Fireball                 Conj/Fire      0%         3d3       100%        5
 Iskenderun's Battlesphe  Conj           1%         2d6       100%        5
 Lee's Rapid Deconstruct  Erth           0%         3d5*      100%        5
 Conjure Ball Lightning   Conj/Air       0%         3x3d6     100%        6
 Statue Form              Tmut/Erth      6%         N/A       100%        6
 Orb of Destruction       Conj           0%         9d5       100%        7
 Discord                  Hex            0%         N/A       100%        8


Dungeon Overview and Level Annotations

Branches:
Dungeon (11/15)            Temple (1/1) D:6            Lair (0/5) D:10
    Orc (0/2) D:11         Bailey (visited)

Altars:
Dithmenos
Fedhas
Hepliaklqana
Kikubaaqudgha
Makhleb
Ru
Sif Muna
Uskayaw
Vehumet
Xom
Yredelemnul


Innate Abilities, Weirdness & Mutations

((You are very nimble when in or above water. (Stealth+, EV+, Speed+++)))
Your lower body shifts to a powerful aquatic tail in water.


Message History

You hear a shout!
The orc priest looks encouraged for a moment.
You see here a +0 dagger.
Things that are here:
a +0 flail; a +0 ring mail
There is an open door, spattered with blood here.
Things that are here:
4 large rocks; a cyclops corpse
There is a stone staircase leading up here.
The skeletal warrior hits you from afar with a +0 halberd!
The skeletal warrior barely misses you.
You hit the skeletal warrior but do no damage.
You closely miss the skeletal warrior.
The skeletal warrior hits you with a +0 halberd!!
You hit the skeletal warrior. You freeze the skeletal warrior.
The skeletal warrior is lightly damaged.
You block the skeletal warrior's attack.
The skeletal warrior hits you with a +0 halberd.
You slash the skeletal warrior! You freeze the skeletal warrior.
The skeletal warrior is moderately damaged.
You hit the skeletal warrior.
The skeletal warrior is moderately damaged.
You block the skeletal warrior's attack.
The skeletal warrior barely misses you.
A skeletal warrior comes into view. It is wielding a +0 battleaxe.
A skeletal warrior comes into view. It is wielding a +0 scimitar.
The skeletal warrior attacks as you move away!
You block the skeletal warrior's attack.
The skeletal warrior hits you from afar with a +0 halberd!!
The skeletal warrior attacks as you move away!
The skeletal warrior hits you with a +0 hand axe!
There is a stone staircase leading up here.
You block the skeletal warrior's attack.
The skeletal warrior hits you from afar with a +0 halberd!!
* * * LOW HITPOINT WARNING * * *
You climb upwards.
There is a stone staircase leading down here.
The skeletal warrior attacks as you move away!
The skeletal warrior hits you with a +0 hand axe!
You die...

..................# #..........
...###............## ##..........
..## ##............###...........
..# #..........................
..## ##..........................
...###...........................
...........###...................
...>......## ##..................
..........# #z@......>........#
..........## ##.....)....###..(.#
...........###..........## ##.^.#
........................# #....
........................## ##....
....)......<.............###.....
...................).............
.###..............#..)...........
## ##..).........###.............


You could see a skeletal warrior.

Vanquished Creatures
  Erica (D:8)
  3 two-headed ogres
  3 cyclopes (D:11)
  A kobold demonologist (D:10)
  2 trolls
  2 hornets
  11 yaks
  5 wyverns
  A vampire (D:11)
  2 steam dragons
  A basilisk (D:10)
  Grum (D:11)
  Menkaure (D:5)
  Edmund (D:5)
  7 water moccasins
  A black bear (D:5)
  2 orc warriors
  2 sky beasts (D:7)
  8 wolves
  2 centaurs
  2 phantoms (D:11)
  3 kobold brigands
  A bullfrog (D:7)
  2 necrophages (D:6)
  10 gnoll sergeants
  5 scorpions
  3 wights
  14 killer bees
  3 troll zombies (D:11)
  6 hounds
  Crazy Yiuf (D:4)
  A jelly (D:8)
  6 gnoll boudas
  2 orc priests
  Natasha (D:3)
  2 iguanas
  4 orc wizards
  A statue (D:10)
  5 ogre zombies (D:11)
  Robin (D:3)
  30 gnolls
  13 adders
  A white imp (D:6)
  2 worms
  A dart slug (D:1)
  15 orcs
  8 ball pythons
  2 bats (D:3)
  5 endoplasms
  A giant cockroach (D:1)
  18 goblins
  8 hobgoblins
  5 jackals
  7 frilled lizards
  A goblin skeleton (D:11)
  5 hobgoblin zombies (D:11)
  16 kobolds
  An orc skeleton (D:11)
  18 orc zombies (D:11)
  2 rats
289 creatures vanquished.

Vanquished Creatures (others)
  3 wights (D:7)
  An orc priest (D:7)
  A bush (D:10)
  6 fungi
  11 plants (D:10)
22 creatures vanquished.

Grand Total: 311 creatures vanquished

Notes
Turn   | Place    | Note
-------+----------+-------------------------------------------
     0 | D:1      | chippings the Merfolk Transmuter began the quest for the
                  | Orb.
     0 | D:1      | Reached XP level 1. HP: 15/15 MP: 3/3
   152 | D:1      | Reached XP level 2. HP: 18/21 MP: 5/5
   756 | D:2      | Reached XP level 3. HP: 25/27 MP: 4/6
   816 | D:2      | Learned a level 3 spell: Spider Form
   860 | D:2      | Reached skill level 1 in Poison Magic
   871 | D:2      | Reached XP level 4. HP: 12/33 MP: 4/7
  1502 | D:3      | Identified a scroll of acquirement
  1503 | D:3      | Acquired the +1 pair of gloves of Shadows and Fog {rC-
                  | Regen+ Str+3}
  1621 | D:3      | Noticed Robin
  1662 | D:3      | Reached XP level 5. HP: 33/38 MP: 4/8
  1702 | D:3      | Killed Robin
  1909 | D:3      | Noticed Natasha
  1918 | D:3      | Killed Natasha
  1919 | D:3      | Reached skill level 5 in Transmutations
  1995 | D:3      | Acquired the +6 demon blade "Beetleslayer" {freeze, Str+4}
  2149 | D:4      | Acquired 777 gold pieces
  2154 | D:4      | Acquired 827 gold pieces
  2188 | D:4      | Reached skill level 1 in Long Blades
  2188 | D:4      | Reached XP level 6. HP: 44/44 MP: 9/9
  2219 | D:4      | Reached skill level 2 in Long Blades
  2439 | D:4      | Reached skill level 3 in Long Blades
  2519 | D:4      | Learned a level 4 spell: Ice Form
  2745 | D:4      | Reached skill level 4 in Long Blades
  2790 | D:4      | Reached XP level 7. HP: 50/50 MP: 10/10
  2795 | D:4      | Reached skill level 5 in Long Blades
  2815 | D:4      | Identified the +2 hammer "Ulijoer" {elec, rElec rN+ Dex+2}
  2827 | D:4      | Found a runed translucent door.
  2828 | D:4      | Noticed Crazy Yiuf
  2833 | D:4      | Killed Crazy Yiuf
  2914 | D:4      | Found an ancient bone altar of Kikubaaqudgha.
  2918 | D:4      | Found a shimmering blue altar of Sif Muna.
  2918 | D:4      | Found a shadowy altar of Dithmenos.
  2926 | D:4      | Found a basalt altar of Yredelemnul.
  2941 | D:4      | Found a blossoming altar of Fedhas.
  2959 | D:4      | Became a worshipper of Sif Muna the Loreminder
  3033 | D:5      | Entered Level 5 of the Dungeon
  3058 | D:5      | Noticed Edmund
  3074 | D:5      | Killed Edmund
  3075 | D:5      | Reached skill level 6 in Long Blades
  3195 | D:5      | Reached skill level 7 in Long Blades
  3335 | D:5      | Found a sacrificial altar of Ru.
  3348 | D:5      | Reached XP level 8. HP: 56/56 MP: 11/11
  3354 | D:5      | Reached skill level 8 in Long Blades
  3484 | D:5      | Found Biruh's Magic Scroll Shop.
  3495 | D:5      | Bought a scroll of enchant weapon for 112 gold pieces
  3495 | D:5      | Bought 3 scrolls of teleportation for 135 gold pieces
  3495 | D:5      | Bought a scroll of torment for 142 gold pieces
  3495 | D:5      | Bought a scroll of amnesia for 60 gold pieces
  3495 | D:5      | Bought a scroll of teleportation for 45 gold pieces
  3495 | D:5      | Bought a scroll of magic mapping for 112 gold pieces
  3495 | D:5      | Bought a scroll of amnesia for 60 gold pieces
  3495 | D:5      | Bought a scroll of blinking for 112 gold pieces
  3523 | D:5      | Noticed Menkaure
  3531 | D:5      | Killed Menkaure
  3532 | D:5      | Reached skill level 9 in Long Blades
  3738 | D:6      | Found a hide-covered altar of Uskayaw.
  3767 | D:6      | Reached skill level 10 in Long Blades
  3959 | D:6      | Reached * piety under Sif Muna
  4135 | D:6      | Learned a level 2 spell: Blink
  4165 | D:6      | Found a staircase to the Ecumenical Temple.
  4529 | Temple   | Entered the Ecumenical Temple
  4586 | D:7      | Noticed a wyvern
  4592 | D:7      | Killed a wyvern
  4593 | D:7      | Reached skill level 11 in Long Blades
  4593 | D:7      | Reached XP level 9. HP: 51/61 MP: 12/12
  4668 | D:7      | Reached skill level 12 in Long Blades
  4789 | D:7      | Reached skill level 13 in Long Blades
  5179 | D:8      | Found a hazy altar of Hepliaklqana.
  5199 | D:8      | Found a flagged portal.
  5225 | Bailey   | Entered a bailey
  5297 | Bailey   | Reached skill level 14 in Long Blades
  5304 | Bailey   | Reached skill level 1 in Invocations
  5310 | Bailey   | Reached ** piety under Sif Muna
  5311 | Bailey   | Reached skill level 1 in Translocations
  5321 | Bailey   | Reached XP level 10. HP: 53/69 MP: 13/13
  5592 | D:8      | You fall into a shaft and drop 1 floor!
  6215 | D:8      | Reached skill level 5 in Fighting
  6306 | D:8      | Noticed Erica
  6342 | D:8      | Killed Erica
  6343 | D:8      | Reached skill level 5 in Invocations
  6792 | D:9      | Noticed a two-headed ogre
  6803 | D:9      | Killed a two-headed ogre
  6811 | D:9      | Identified the +6 whip of Gitzipn {flame, *Rage rC++ rN+}
  6916 | D:9      | Reached XP level 11. HP: 80/83 MP: 15/15
  6921 | D:9      | Reached *** piety under Sif Muna
  6922 | D:9      | Reached skill level 1 in Shields
  7081 | D:10     | Entered Level 10 of the Dungeon
  7123 | D:10     | Noticed a two-headed ogre
  7229 | D:9      | Killed a two-headed ogre
  7328 | D:10     | Got the Compilation of the Frore Atmosphere
  7357 | D:10     | Found a staircase to the Lair.
  7377 | D:10     | Reached skill level 1 in Stealth
  7388 | D:10     | Reached skill level 5 in Dodging
  7468 | D:10     | Noticed a two-headed ogre
  7476 | D:10     | Killed a two-headed ogre
  7484 | D:10     | Found a radiant altar of Vehumet.
  7898 | D:11     | Identified the +4 short sword of Grandeur {antimagic, Int+2
                  | SInv}
  7946 | D:11     | Noticed Grum
  7958 | D:11     | Killed Grum
  7997 | D:11     | Identified the +10 short sword of Gel Wal {venom, rElec}
  8017 | D:11     | Noticed a cyclops
  8025 | D:11     | Killed a cyclops
  8049 | D:11     | Noticed a cyclops
  8060 | D:11     | Killed a cyclops
  8166 | D:11     | Learned a level 4 spell: Leda's Liquefaction
  8172 | D:11     | Learned a level 4 spell: Cause Fear
  8371 | D:11     | Noticed a cyclops
  8390 | D:11     | Found a staircase to the Orcish Mines.
  8414 | D:11     | Killed a cyclops
  8415 | D:11     | Reached XP level 12. HP: 92/92 MP: 16/18
  8426 | D:11     | Reached **** piety under Sif Muna
  8572 | D:10     | Slain by a skeletal warrior

Illustrated notes

Levels and vault maps discovered:
D:1:      minmay_arrival_cross, layout_loops_ring, minmay_strange_pillars
D:2:      layout_basic
D:3:      layout_basic, chequers_serial_rivers_micro_a, uniq_terence,
          uniq_robin, uniq_natasha
D:4:      layout_loops_ring, minmay_overflow_temple_star_hex,
          saegor_snake_ambush, uniq_crazy_yiuf_cottage
D:5:      layout_gridville, nicolae_ru_great_annihilating_truth, serial_shops,
          nicolae_lakefront_shop, uniq_menkaure, uniq_edmund
D:6:      layout_gridville, nicolae_uskayaw_murder_on_the_dancefloor,
          minmay_temple_entry_junction, dreamdust_wishing_well
D:7:      layout_cave_pools, lemuel_flamethrower_2
D:8:      layout_basic, mainiacjoe_overflow_alcove_1, enter_bailey_4, uniq_erica
D:9:      layout_small_grid
D:10:     layout_big_octagon, vehumet_statue, minmay_lair_entry_grove
D:11:     layout_basic, zombieorc2_lemuel, uniq_grum
Temple:   nicolae_temple_bog_church

Skill      XL: |  1  2  3  4  5  6  7  8  9 10 11 12 |
---------------+-------------------------------------+-----
Transmutations | 3 4 5 |  5.2
Fighting       | 2 6 8 |  8.0
Poison Magic   | 1 2 |  2.0
Unarmed Combat | 4 |  4.9
Long Blades    | 1 4 7 11 14 | 14.0
Invocations    | 1 6 8 |  8.0
Translocations | 1 4 |  4.0
Dodging        | 3 6 7 |  7.1
Shields        | 4 |  4.8
Stealth        | 4 |  4.5
Spellcasting   | |  2.0

Action                   |  1- 3 |  4- 6 |  7- 9 | 10-12 || total
-------------------------+-------+-------+-------+-------++-------
Melee: Unarmed           |    64 |    92 |       |       ||   156
       Headbutt          |     6 |    10 |       |       ||    16
       Punch             |     1 |       |       |       ||     1
       Demon blade       |       |    81 |   247 |   430 ||   758
       Tailslap          |       |     2 |     1 |       ||     3
 Cast: Beastly Appendage |     9 |     6 |       |       ||    15
       Spider Form       |     1 |     5 |       |       ||     6
Invok: Forget Spell      |       |       |       |     1 ||     1
  Use: Scroll            |       |    12 |     3 |     1 ||    16
       Potion            |       |       |       |     5 ||     5
 Stab: Sleeping          |     1 |       |       |       ||     1
       Paralysed         |       |       |     1 |       ||     1
Armor: Robe              |     5 |    12 |       |       ||    17
       Skin              |       |     4 |       |       ||     4
       Ring mail         |       |    25 |     6 |       ||    31
       Scale mail        |       |       |    83 |   125 ||   208
Dodge: Dodged            |    33 |   104 |    68 |   132 ||   337
Block: Other             |     6 |    16 |       |       ||    22
       Buckler           |       |    70 |   124 |   214 ||   408
       Reflection        |       |     3 |     2 |     5 ||    10

Table legend: (Time is in decaauts)
 A = Elapsed time spent in this place.
 B = Non-inter-level travel time spent in this place.
 C = Inter-level travel time spent in this place.
 D = Time resting spent in this place.
 E = Time spent auto-exploring this place.
 F = Levels seen in this place.
 G = Mean time per level.
                   A        B        C        D        E       F      G
               +--------+--------+--------+--------+--------+-----+--------+
         Total |   8340 |   7947 |    393 |     94 |   4711 |  13 |  641.5 |
       Dungeon |   8036 |   7643 |    393 |     94 |   4605 |  11 |  730.5 |
        Temple |      1 |      1 |      0 |      0 |      0 |   1 |    1.0 |
        Bailey |    303 |    303 |      0 |      0 |    105 |   1 |  303.0 |
               +--------+--------+--------+--------+--------+-----+--------+

Top non-repeatable levels by time:
     D:6: 947 daAuts
     D:4: 914 daAuts
     D:9: 888 daAuts
     D:8: 777 daAuts
     D:1: 729 daAuts
     D:3: 714 daAuts
     D:2: 667 daAuts
    D:11: 666 daAuts
     D:5: 626 daAuts
    D:10: 577 daAuts
     D:7: 525 daAuts
  Bailey: 303 daAuts
  Temple: 1 daAuts
